 Dungeon Sprint DCSS version 0.26-a0-474-gfaca0e1de5 (webtiles) character file.

Game seed: 17464978499506532017

38982 Baz the Phalangite (level 12, 118/125 HPs)
             Began as a Minotaur Berserker on July 31, 2020.
             Was a High Priest of Trog.
             Tarried too long and was consumed by Zot
             ... in the Dungeon (Sprint III: "The Ten Rune Challenge").
             The game lasted 00:21:15 (5857 turns).

Baz the Phalangite (Minotaur Berserker)             Turns: 5857, Time: 00:21:16

Health: 118/125    AC: 19    Str: 25    XL:     12   Next: 94%
Magic:  11/11      EV: 16    Int:  4    God:    Trog [*****.]
Gold:   876        SH:  0    Dex: 12    Spells: 11/11 levels left

rFire    . . .     SeeInvis .   r - +3 bardiche (vorpal)
rCold    . . .     Faith    .   (shield currently unavailable)
rNeg     . . .     Spirit   .   s - +0 plate armour
rPois    .         Reflect  .   t - +2 hat
rElec    .         Harm     .   (no cloak)
rCorr    .         NoTele   +   (no gloves)
MR       .....                  (no boots)
Stlth    ..........             (no amulet)
HPRegen  0.30/turn              (no ring)
MPRegen  0.12/turn              (no ring)

@: bezotted
A: retaliatory headbutt, horns 2
}: 1/10 runes: decaying
a: Berserk, Trog's Hand, Brothers in Arms, Renounce Religion


You were in the Dungeon.
You worshipped Trog.
Trog was extremely pleased with you.
You visited 1 branch You collected 2349 gold pieces.
You spent 1473 gold pieces at shops.

Inventory:

Hand Weapons
 a - a +3 glaive
 j - a +3 antimagic trident
 r - a +3 vorpal bardiche (weapon)
 u - a +5 glaive
 v - a +3 antimagic halberd
 w - a +1 halberd of flaming
Missiles
 y - 7 javelins (quivered)
Armour
 s - a +0 plate armour (worn)
 t - a +2 hat (worn)
Jewellery
 b - a +6 ring of dexterity
 q - an uncursed amulet of regeneration
 x - an uncursed ring of resist corrosion
Wands
 o - a wand of polymorph (8)
Scrolls
 h - a scroll of blinking
 i - 2 scrolls of immolation
 k - 4 scrolls of remove curse
 m - a scroll of holy word
Potions
 c - a potion of ambrosia
 d - 2 potions of heal wounds
 e - a potion of haste
 f - 2 potions of magic
 g - a potion of berserk rage
 l - 4 potions of flight
 n - 4 potions of mutation
 p - 2 potions of might
 z - a potion of cancellation
 A - 3 potions of curing
 B - a potion of invisibility


   Skills:
 + Level 17.5 Fighting
 * Level 22.9 Polearms
 + Level 17.3 Armour
 + Level 17.5 Dodging


You had 11 spell levels left.
You didn't know any spells.
Your spell library was empty.

Dungeon Overview and Level Annotations

Branches:
Dungeon (1/1)

Altars:
Dithmenos
Elyvilon
Fedhas
Kikubaaqudgha
Okawaru
Ru
Sif Muna
Trog
Uskayaw
Vehumet
Wu Jian
Yredelemnul
Zin
The Shining One
Beogh

Shops:
D ([!=


Innate Abilities, Weirdness & Mutations

You reflexively headbutt those who attack you in melee.
You have a pair of horns on your head.


Message History

Unknown command.
Unknown command.
Unknown command.
You open the crystal guardian like a pillowcase!!!
You destroy the crystal guardian!
Trog accepts your kill.
Unknown command.
Unknown command.
Unknown command.
You start resting.
Your deep troll rages. x3
Your deep troll is no longer berserk.
You feel the effects of Trog's Hand fading.
You start resting.
Your deep troll disappears in a puff of smoke!
Your skin stops crawling.
You feel less resistant to hostile enchantments.
You start resting.
Zot has found you!
You die...

≈.≈.# #.#))§###.#
...## #.#.###..§#
####♣♣ #.#'#.§§..#
≈≈.≈.♣ #.#.☼§§§§.#
♣♣♣♣.♣
#.#○☼..§§.###++###
°°°..♣
#○○☼°..§..#.8..8.#
°≈○.≈♣
#########§#§.....#
.°°≈.♣
#.#.#§#§§§.....#
♣♣°∩∩♣
.....§§@§§.....#
♣♣♣♣♣
.....§§§§§.....#
#+##############


There were no monsters in sight!

Vanquished Creatures
  Gastronok (D)
  A dire elephant (D)
  3 hydras (D)
  Erica (D)
  A centaur warrior (D)
  4 death yaks (D)
  Urug (D)
  A fire crab (D)
  2 death drakes (D)
  An unseen horror (D)
  An obsidian statue (D)
  A spectral hydra (D)
  A lindwurm (D)
  A deep elf mage (D)
  2 crystal guardians (D)
  2 elephants (D)
  2 black mambas (D)
  Edmund (D)
  A rime drake (D)
  3 wandering mushrooms (D)
  2 spriggan defenders (D)
  2 tyrant leeches (D)
  An orc high priest (D)
  8 blink frogs (D)
  3 redbacks (D)
  A shadow (D)
  A swamp drake (D)
  A necrophage (D)
  2 centaurs (D)
  A swamp dragon skeleton (D)
  An earth elemental (D)
  A water elemental (D)
  A scorpion (D)
  19 killer bees (D)
  An electric eel (D)
  A jelly (D)
  3 orc wizards (D)
  A wizard (D)
  Jessica (D)
  A necromancer (D)
  3 humans (D)
  A kobold demonologist (D)
  3 orcs (D)
  3 rats (D)
  3 plants (D)
96 creatures vanquished.

Vanquished Creatures (collateral kills)
  Sigmund (D)
  Rupert (D)
  A dire elephant (D)
  An orc high priest (D)
  A spriggan druid (D)
  2 orc knights (D)
  A crystal guardian (D)
  2 cane toads (D)
  A komodo dragon (D)
  2 spriggan defenders (D)
  A queen bee (D)
  2 spriggans (D)
  2 orc warriors (D)
  A swamp dragon skeleton (D)
  13 killer bees (D)
  2 orc priests (D)
  An orc wizard (D)
  4 orcs (D)
39 creatures vanquished.

Vanquished Creatures (others)
  An orc high priest (D)
  2 orc priests (D)
  15 plants (D)
18 creatures vanquished.

Grand Total: 153 creatures vanquished

Notes
Turn   | Place    | Note
-------+----------+-------------------------------------------
     0 | D        | Baz the Minotaur Berserker began the quest for the Orb.
     0 | D        | Reached XP level 1. HP: 19/19 MP: 0/0
    13 | D        | Reached skill level 4 in Polearms
    29 | D        | Reached ** piety under Trog
    33 | D        | Noticed Jessica
    37 | D        | Killed Jessica
    37 | D        | Reached skill level 5 in Polearms
    37 | D        | Reached XP level 2. HP: 24/28 MP: 1/1
   175 | D        | Reached skill level 5 in Fighting
   175 | D        | Reached skill level 6 in Polearms
   175 | D        | Reached XP level 3. HP: 36/36 MP: 2/2
   266 | D        | Noticed a scorpion
   271 | D        | Killed a scorpion
   271 | D        | Reached *** piety under Trog
   271 | D        | Reached skill level 7 in Polearms
   271 | D        | Reached skill level 5 in Armour
   271 | D        | Reached XP level 4. HP: 44/44 MP: 3/3
   341 | D        | Noticed a water elemental
   344 | D        | Killed a water elemental
   344 | D        | Reached skill level 8 in Polearms
   344 | D        | Reached skill level 5 in Dodging
   344 | D        | Reached XP level 5. HP: 51/51 MP: 4/4
   389 | D        | Found a basalt altar of Yredelemnul.
   389 | D        | Found a shadowy altar of Dithmenos.
   389 | D        | Found a sacrificial altar of Ru.
   389 | D        | Noticed a necrophage
   395 | D        | Killed a necrophage
   395 | D        | Reached skill level 9 in Polearms
   397 | D        | Reached skill level 10 in Polearms
   397 | D        | Reached XP level 6. HP: 60/60 MP: 5/5
   463 | D        | Found a hide-covered altar of Uskayaw.
   463 | D        | Found a roughly hewn altar of Beogh.
   463 | D        | Found an iron altar of Okawaru.
   463 | D        | Found a bloodstained altar of Trog.
   463 | D        | Found an ornate altar of the Wu Jian Council.
   463 | D        | Noticed a human
   463 | D        | Noticed a human
   470 | D        | Killed a human
   470 | D        | Reached skill level 11 in Polearms
   477 | D        | Killed a human
   477 | D        | Reached **** piety under Trog
   477 | D        | Reached XP level 7. HP: 69/69 MP: 6/6
   528 | D        | Found a radiant altar of Vehumet.
   528 | D        | Found a shimmering blue altar of Sif Muna.
   528 | D        | Found an ancient bone altar of Kikubaaqudgha.
   583 | D        | Found a glowing silver altar of Zin.
   583 | D        | Found a glowing golden altar of the Shining One.
   583 | D        | Found a white marble altar of Elyvilon.
   583 | D        | Noticed a deep elf mage
   591 | D        | Killed a deep elf mage
   591 | D        | Reached skill level 12 in Polearms
   591 | D        | Reached skill level 10 in Dodging
   651 | D        | Reached ***** piety under Trog
   651 | D        | Reached XP level 8. HP: 79/79 MP: 7/7
   657 | D        | Reached skill level 10 in Fighting
   657 | D        | Reached skill level 13 in Polearms
   820 | D        | Noticed Erica
   835 | D        | Killed Erica
   835 | D        | Reached skill level 14 in Polearms
   835 | D        | Reached skill level 10 in Armour
   884 | D        | Noticed an orc knight
   884 | D        | Noticed an orc knight
   888 | D        | Noticed an orc high priest
   894 | D        | Killed an orc knight
   894 | D        | Reached XP level 9. HP: 78/86 MP: 8/8
   894 | D        | Killed an orc high priest
   895 | D        | Received a gift from Trog
   902 | D        | Killed an orc knight
   902 | D        | Reached skill level 15 in Polearms
   930 | D        | Found Qouthosu's Antique Weapon Shoppe.
  1209 | D        | Noticed a centaur warrior
  1212 | D        | Killed a centaur warrior
  1212 | D        | Received a gift from Trog
  1269 | D        | Killed an unseen horror
  1269 | D        | Reached skill level 16 in Polearms
  1269 | D        | Reached XP level 10. HP: 37/99 MP: 9/9
  1541 | D        | Noticed Sigmund
  1541 | D        | Noticed Edmund
  1546 | D        | Killed Sigmund
  1546 | D        | Reached skill level 17 in Polearms
  1557 | D        | Killed Edmund
  1735 | D        | Reached skill level 18 in Polearms
  1852 | D        | Received a gift from Trog
  1881 | D        | Received a gift from Trog
  1889 | D        | Reached XP level 11. HP: 108/108 MP: 10/10
  1891 | D        | Received a gift from Trog
  1915 | D        | Reached ****** piety under Trog
  1974 | D        | Received a gift from Trog
  2347 | D        | Reached skill level 19 in Polearms
  2347 | D        | Reached skill level 15 in Dodging
  2348 | D        | Received a gift from Trog
  2383 | D        | Noticed a dire elephant
  2396 | D        | Killed a dire elephant
  2413 | D        | Noticed Gastronok
  2414 | D        | Noticed a dire elephant
  2416 | D        | Noticed Rupert
  2425 | D        | Killed a dire elephant
  2425 | D        | Reached skill level 15 in Fighting
  2780 | D        | Killed Gastronok
  2780 | D        | Reached skill level 20 in Polearms
  2780 | D        | Reached skill level 15 in Armour
  2822 | D        | Killed Rupert
  2822 | D        | Received a gift from Trog
  3056 | D        | Noticed a lindwurm
  3060 | D        | Killed a lindwurm
  3060 | D        | Reached XP level 12. HP: 94/122 MP: 11/11
  3161 | D        | Noticed Urug
  3168 | D        | Killed Urug
  3168 | D        | Reached skill level 21 in Polearms
  3213 | D        | Noticed a five-headed hydra
  3213 | D        | Noticed a seven-headed hydra
  3221 | D        | Killed a three-headed hydra
  3227 | D        | Killed a three-headed hydra
  3314 | D        | Found a blossoming altar of Fedhas.
  3320 | D        | Received a gift from Trog
  3720 | D        | Found Enweitud's Antique Armour Emporium.
  3720 | D        | Found Eliuniga's Distillery.
  3720 | D        | Found Xipim's Jewellery Shoppe.
  4305 | D        | Bought a +6 ring of dexterity for 643 gold pieces
  4305 | D        | Bought an uncursed amulet of regeneration for 330 gold
                  | pieces
  4305 | D        | Bought an uncursed ring of resist corrosion for 220 gold
                  | pieces
  4306 | D        | Bought a potion of cancellation for 112 gold pieces
  4306 | D        | Bought a potion of might for 56 gold pieces
  4306 | D        | Bought a potion of curing for 42 gold pieces
  4306 | D        | Bought a potion of heal wounds for 70 gold pieces
  4489 | D        | Noticed a seven-headed hydra
  4498 | D        | Killed a three-headed hydra
  4667 | D        | Got a decaying rune of Zot
  5124 | D        | Noticed an azure jelly
  5124 | D        | Noticed an azure jelly
  5124 | D        | Noticed an azure jelly
  5124 | D        | Noticed an azure jelly
  5165 | D        | Noticed a death yak
  5165 | D        | Noticed a death yak
  5189 | D        | Reached skill level 22 in Polearms
  5198 | D        | Killed a death yak
  5209 | D        | Noticed a death yak
  5217 | D        | Received a gift from Trog
  5222 | D        | Killed a death yak
  5226 | D        | Noticed a death yak
  5232 | D        | Killed a death yak
  5236 | D        | Killed a death yak
  5371 | D        | Touched by the power of Zot.
  5857 | D        | Tarried too long and was consumed by Zot

Illustrated notes

Levels and vault maps discovered:
D:        dungeon_sprint_mu [sprint_mu_entry_cave, sprint_mu_temple_rooms,
          sprint_mu_d1_horrors, sprint_mu_d2_genie, sprint_mu_d3_branching,
          sprint_mu_orc_legion, sprint_mu_elf_gauntlet, sprint_mu_hive_nellie,
          sprint_mu_lair_fedhas, sprint_mu_vaults_butterflies,
          sprint_mu_slime_circle, sprint_mu_swamp_cave, sprint_mu_shoals_kraken,
          sprint_mu_blade_basic, sprint_mu_crypt_lich, sprint_mu_tomb_spiral,
          sprint_mu_vestibule_basic, sprint_mu_gehenna_hellfire,
          sprint_mu_dis_giant, sprint_mu_tartarus_statrot,
          sprint_mu_cocytus_islands, sprint_mu_zot1]

Skill      XL: |  1  2  3  4  5  6  7  8  9 10 11 12 |
---------------+-------------------------------------+-----
Polearms       | 5 6 7 8 10 11 12 14 16 18 20 22 | 22.9
Fighting       | 4 5 6 7 8 9 10 12 13 15 17 | 17.5
Armour         | 3 4 5 6 7 8 9 10 12 13 15 17 | 17.3
Dodging        | 3 4 5 6 8 10 11 13 14 16 17 | 17.5

Action                   |  1- 3 |  4- 6 |  7- 9 | 10-12 || total
-------------------------+-------+-------+-------+-------++-------
Melee: Spear             |    18 |    25 |    51 |       ||    94
       Headbutt          |     1 |     5 |    15 |    51 ||    72
       Halberd           |       |       |     9 |   106 ||   115
       Bardiche          |       |       |     9 |    44 ||    53
       Glaive            |       |       |       |   119 ||   119
Invok: Berserk           |     3 |     3 |     4 |     3 ||    13
       Trog's Hand       |       |     3 |     5 |     6 ||    14
       Brothers in Arms  |       |       |     3 |    11 ||    14
Evoke: Wand              |       |       |       |     1 ||     1
  Use: Potion            |       |       |       |     4 ||     4
       Scroll            |       |       |       |     4 ||     4
Armor: Animal skin       |     1 |       |       |       ||     1
       Plate armour      |       |       |    15 |    93 ||   108
       Robe              |       |       |     2 |       ||     2
Dodge: Dodged            |     9 |     3 |    16 |   148 ||   176

Table legend: (Time is in decaauts)
 A = Elapsed time spent in this place.
 B = Non-inter-level travel time spent in this place.
 C = Inter-level travel time spent in this place.
 D = Time resting spent in this place.
 E = Time spent auto-exploring this place.
 F = Levels seen in this place.
 G = Mean time per level.
                   A        B        C        D        E       F      G
               +--------+--------+--------+--------+--------+-----+--------+
         Total |   5945 |   5874 |     71 |   4381 |      0 |   1 | 5945.0 |
       Dungeon |   5945 |   5874 |     71 |   4381 |      0 |   1 | 5945.0 |
               +--------+--------+--------+--------+--------+-----+--------+

Top non-repeatable levels by time:
       D: 5945 daAuts
